 Dungeon Crawl Stone Soup version 0.28.0-47-ge53b351184 (webtiles) character file.

Game seed: 17928651387741851276

73 Bruhh the Magician (level 4, -5/28 HPs)
             Began as a Djinni Transmuter on Apr 27, 2022.
             Slain by a gnoll
             ... wielding a +0 flail
              (8 damage)
             ... on level 1 of the Dungeon.
             The game lasted 00:07:11 (3552 turns).

Bruhh the Magician (Djinni Transmuter)              Turns: 3552, Time: 00:07:11

Health: -5/28      AC:  2    Str: 11    XL:     4   Next: 51%
Gold:   95         EV: 12    Int: 16    God:
                   SH:  0    Dex: 14

rFire   + + .      SeeInvis .   g - +0 dagger (protect)
rCold   x . .      Faith    .   (no shield)
rNeg    . . .      Spirit   .   a - +0 robe
rPois   ∞          Reflect  .   (no helmet)
rElec   .          Harm     .   (no cloak)
rCorr   .          Rampage  .   (no gloves)
Will    .....                   (boots unavailable)
Stlth   +.........              (no amulet)
HPRegen 0.09/turn               (no ring)
MPRegen 0.00/turn               (no ring)

@: flying
A: sickness immunity, fire resistance 2, cold vulnerability 1, float, innate
caster, HP casting, extra vitality 1, frail 1, strong 1
a: no special abilities


You were on level 1 of the Dungeon.
You visited 1 branch of the dungeon, and saw 2 of its levels.

You collected 95 gold pieces.

Inventory:

Hand Weapons
 c - a +0 short sword
 d - a +2 dagger of venom
 g - a +0 dagger of protection (weapon)
Armour
 a - a +0 robe (worn)
Scrolls
 b - a scroll of identify {unknown}
 e - a scroll of enchant weapon {unknown}


   Skills:
 - Level 1.0 Fighting
 - Level 2.1 Dodging
 - Level 3.0 Unarmed Combat
 + Level 3.3 Spellcasting


You couldn't memorise any spells.
You knew the following spells:

 Your Spells              Type           Power      Damage    Failure   Level
a - Beastly Appendage     Tmut           26%        N/A       4%          1
b - Wereblood             Tmut           13%        N/A       7%          2
c - Spider Form           Tmut/Pois      13%        N/A       14%         3
d - Ice Form              Ice/Tmut       13%        N/A       41%         4
e - Sting                 Tmut/Pois      52%        1d5       4%          1
Your spell library was empty.

Dungeon Overview and Level Annotations

Branches:
Dungeon (2/15)

Altars:


Innate Abilities, Weirdness & Mutations

You are immune to sickness and miasma.
You are immune to poison.
Your flesh is very heat resistant. (rF++)
You are vulnerable to cold. (rC-)
You float through the air rather than walking.
You learn spells naturally, not from books.
Your magical power is your life essence.
You have superior vitality. (+4 MHP)
You are frail. (-10% HP)
Your muscles are strong. (Str +2)


Message History

Casting: Sting (safe; 4% risk of failure)
Confirm with . or Enter, or press ? or * to list all spells.
Aiming: Sting (safe; 4% risk of failure)
Press: ? - help, Shift-Dir - straight line, f/p - gnoll
Aim: a gnoll, wielding a +0 spear (almost dead, extremely poisoned, 75% to hit)
The sting hits the gnoll.
The gnoll looks as sick as possible!
The gnoll is almost dead.
You kill the gnoll!
The rat closely misses you. The rat misses you. The gnoll misses you.
You fly upwards.
There is a stone staircase leading down here.
The gnoll misses you. The rat misses you.
You barely miss the rat. The rat barely misses you.
You barely miss the rat. The rat barely misses you.
You hit the rat.
Your weapon exudes an aura of protection.
The rat is heavily wounded.
The rat barely misses you.
You closely miss the rat.
The rat is heavily wounded.
The rat completely misses you.
You barely miss the rat.
The rat is heavily wounded.
The rat bites you.
You hit the rat.
Your weapon exudes an aura of protection.
You kill the rat!
You hit the gnoll but do no damage. The gnoll hits you but does no damage.
Casting: Sting (safe; 4% risk of failure)
Confirm with . or Enter, or press ? or * to list all spells.
Aiming: Sting (safe; 4% risk of failure)
Press: ? - help, Shift-Dir - straight line, f - gnoll
Aim: a gnoll, wielding a +0 flail (75% to hit)
The sting hits the gnoll but does no damage.
The gnoll is poisoned.
The gnoll hits you with a +0 flail!
* * * LOW HITPOINT WARNING * * *
The gnoll hits you with a +0 flail!
You die...

#)# #.# ..# #.# ..# #.####
########## ..# #...)#
########......... ..# #.##.#
#...†....######## ..#######.##.#
#.#####..####### ..........##.#
#.# #........#
......###.##.####g######.#####.#
......# #.......@.........# #.##
......# #########.##.###..# #..#
####### #.##.# #..# ##.# #
#.##.# #>.#####.# # #.##.#
#......... # ###.##.# #.........
# ### #.########..#####.. #
#.### #.# ###.##.# #.. ######
##..####'####..###.# #..


You could see a gnoll (poisoned).

Vanquished Creatures
  2 gnolls (D:2)
  2 adders (D:2)
  A dart slug (D:1)
  A ball python (D:1)
  3 bats
  3 endoplasms
  3 goblins (D:1)
  3 hobgoblins
  3 jackals (D:1)
  6 kobolds (D:1)
  A quokka (D:2)
  A frilled lizard (D:1)
  4 rats (D:1)
33 creatures vanquished.

Notes
Turn   | Place    | Note
-------+----------+-------------------------------------------
     0 | D:1      | Bruhh the Djinni Transmuter began the quest for the Orb.
     0 | D:1      | Reached XP level 1. HP: 17/17 MP: 0/0
   298 | D:1      | Found a faded altar of an unknown god.
   308 | D:1      | Reached XP level 2. HP: 19/22 MP: 0/0
   443 | D:1      | HP: 1/22 [kobold/stone (2)]
  1435 | D:1      | Reached XP level 3. HP: 26/27 MP: 0/0
  1435 | D:1      | Learned a level 1 spell: Sting
  1747 | D:2      | Gained mutation: Your muscles are strong. (Str +2) [potion
                  | of mutation]
  1747 | D:2      | Gained mutation: You are frail. (-10% HP) [potion of
                  | mutation]
  1759 | D:2      | HP: 1/24 [jackal (1)]
  1781 | D:1      | HP: 1/24 [jackal (1)]
  2777 | D:2      | Reached XP level 4. HP: 20/28 MP: 0/0
  3552 | D:1      | Slain by a gnoll

Illustrated notes

Levels and vault maps discovered:
D:1:      dpeg_arrival_radiant, layout_loops_ring,
          chequers_ecumenical_altar_island, st_stairs_4
D:2:      layout_basic, uniq_crazy_yiuf_cottage

Skill      XL: |  1  2  3 |
---------------+----------+-----
Spellcasting   | 2 3 |  3.3
Fighting       | |  1.0
Dodging        | |  2.1
Unarmed Combat | |  3.0

Action                   |  1- 3 |  4- 6 || total
-------------------------+-------+-------++-------
Melee: Unarmed           |    19 |       ||    19
       Headbutt          |     3 |       ||     3
       Short sword       |    29 |       ||    29
       Dagger            |    11 |     7 ||    18
 Cast: Beastly Appendage |     8 |       ||     8
       Sting             |    29 |    16 ||    45
  Use: Potion            |     1 |       ||     1
Armor: Robe              |    24 |     1 ||    25
Dodge: Dodged            |    94 |    25 ||   119
